 Dungeon Crawl Stone Soup version 0.26-a0-466-g989023bd0d (webtiles) character file.

Game seed: 16238306817928987682

30 kae the Ruffian (level 3, 28/28 HPs)
             Began as a Demonspawn Gladiator on Aug 11, 2020.
             Quit the game on level 1 of the Dungeon.
             The game lasted 00:01:31 (692 turns).

kae the Ruffian (Demonspawn Gladiator)               Turns: 692, Time: 00:01:32

Health: 28/28      AC:  4    Str: 15    XL:     3   Next: 3%
Magic:  3/3        EV: 12    Int:  9    God:
Gold:   47         SH:  4    Dex: 14    Spells: 2/2 levels left

rFire    . . .     SeeInvis .     - Unarmed
rCold    . . .     Faith    .   (no shield)
rNeg     . . .     Spirit   .   a - +0 leather armour
rPois    .         Reflect  .   b - +0 helmet
rElec    .         Harm     .   (no cloak)
rCorr    .                      (no gloves)
MR       .....                  (no boots)
Stlth    +.........             (no amulet)
HPRegen  0.09/turn              (no ring)
MPRegen  0.08/turn              (no ring)

@: no status effects
A: talons 1, large bone plates 1
a: no special abilities


You were on level 1 of the Dungeon.
You visited 1 branch of the dungeon, and saw 1 of its levels.

You collected 47 gold pieces.

Inventory:

Missiles
 c - 3 throwing nets (quivered)
Armour
 a - a +0 leather armour (worn)
 b - a +0 helmet (worn)
Scrolls
 d - a scroll of enchant armour {unknown}
 e - a scroll of teleportation {unknown}
 f - a scroll of blinking {unknown}
Potions
 g - 2 potions of curing {unknown}


   Skills:
 + Level 2.5 Fighting
 - Level 1.7 Throwing
 - Level 2.6 Dodging
 * Level 3.5 Unarmed Combat


You had 2 spell levels left.
You didn't know any spells.
Your spell library was empty.

Dungeon Overview and Level Annotations

Branches:
Dungeon (1/15)

Altars:


Innate Abilities, Weirdness & Mutations

You have sharp toenails.
You are partially covered in large bone plates. (SH +4)


Message History

The hobgoblin is severely wounded.
The hobgoblin closely misses you.
You hit the hobgoblin but do no damage. You claw the hobgoblin.
The hobgoblin is almost dead.
The hobgoblin hits you with a +0 club.
You closely miss the hobgoblin. You claw the hobgoblin.
You kill the hobgoblin!
No target in view!
No target in view!
No target in view!
Things that are here:
a +0 club; a hobgoblin corpse; a bat corpse You now have 47 gold pieces (gained 14).
Things that are here:
a +0 club; a hobgoblin corpse; a bat corpse A leopard gecko and a hobgoblin come into view.
The leopard gecko hisses angrily.
The hobgoblin shouts!
Found a club.
There are monsters nearby!
Are you sure you want to abandon this character and quit the game? (Confirm with "yes".)

......## #>......#
....### #.......# #####
#.......# # #.......# #
#.......# ######
######### .....##
####..################.)
#.).............@.....l.
..##########...#######g.
....................
####################


You could see a leopard gecko and a hobgoblin.

Vanquished Creatures
  An ooze (D:1)
  2 dart slugs (D:1)
  A giant cockroach (D:1)
  3 goblins (D:1)
  3 hobgoblins (D:1)
  A kobold (D:1)
  5 bats (D:1)
  3 rats (D:1)
19 creatures vanquished.

Notes
Turn   | Place    | Note
-------+----------+-------------------------------------------
     0 | D:1      | kae the Demonspawn Gladiator began the quest for the Orb.
     0 | D:1      | Reached XP level 1. HP: 16/16 MP: 1/1
   133 | D:1      | Reached skill level 3 in Unarmed Combat
   136 | D:1      | Gained mutation: You are partially covered in large bone
                  | plates. (SH +4) [demonic ancestry]
   136 | D:1      | Reached XP level 2. HP: 17/22 MP: 2/2
   580 | D:1      | Gained mutation: You have sharp toenails. [demonic
                  | ancestry]
   580 | D:1      | Reached XP level 3. HP: 28/28 MP: 3/3
   692 | D:1      | Quit the game

Illustrated notes

Levels and vault maps discovered:
D:1:      lemuel_arrival_tunnels, layout_rooms

Skill      XL: |  1 |
---------------+----+-----
Unarmed Combat | 3 |  3.5
Fighting       | |  2.5
Throwing       | |  1.7
Dodging        | |  2.6

Action                   || total
-------------------------++-------
Melee: Unarmed           ||    65
       Punch             ||     1
       Kick              ||     3
Armor: Leather armour    ||    23
Dodge: Dodged            ||    41
Block: Other             ||     5

Table legend: (Time is in decaauts)
 A = Elapsed time spent in this place.
 B = Non-inter-level travel time spent in this place.
 C = Inter-level travel time spent in this place.
 D = Time resting spent in this place.
 E = Time spent auto-exploring this place.
 F = Levels seen in this place.
 G = Mean time per level.
                   A        B        C        D        E       F      G
               +--------+--------+--------+--------+--------+-----+--------+
         Total |    687 |    687 |      0 |      0 |    571 |   1 |  687.0 |
       Dungeon |    687 |    687 |      0 |      0 |    571 |   1 |  687.0 |
               +--------+--------+--------+--------+--------+-----+--------+

Top non-repeatable levels by time:
     D:1: 687 daAuts
